Description

ez win

Replay - Standard TvZ

Build Order

Get SALT Encoding   

  12  0:00  SCV  
  13  0:12  SCV  
  14  0:17  Supply Depot  
  14  0:25  SCV  
  15  0:39  SCV  
  15  0:40  Barracks  
  16  0:45  Refinery  
  16  0:51  SCV  
  17  1:03  SCV  
  18  1:15  SCV  
  19  1:28  Reaper, Orbital Command  
  20  1:41  Command Center  
  20  1:50  Supply Depot  
  20  1:53  SCV  
  21  2:00  Marine  
  22  2:05  SCV  
  23  2:09  Factory  
  23  2:12  Refinery  
  23  2:17  SCV  
  24  2:23  Barracks Reactor  
  26  2:53  Orbital Command  
  27  3:02  Starport  
  27  3:04  Barracks Tech Lab  
  27  3:06  Hellion x2  
  34  3:29  Hellion x2  
  34  3:33  Supply Depot  
  38  3:35  Stimpack  
  38  3:39  Viking  
  42  3:43  Marine  
  45  3:54  Liberator  
  45  3:55  Hellion x2  
  49  3:59  Supply Depot  
  56  4:29  Command Center  
  56  4:34  Factory Tech Lab  
  56  4:37  Supply Depot  
  59  4:45  Barracks x2  
  58  4:50  Engineering Bay x2  
  58  4:52  Marine  
  61  4:57  Starport Reactor  
  62  5:00  Refinery  
  62  5:05  Siege Tank  
  67  5:17  Terran Infantry Weapons Level 1  
  67  5:18  Refinery  
  68  5:22  Terran Infantry Armor Level 1  
  68  5:23  Marine  
  71  5:34  Marine x2  
  73  5:41  Starport Reactor  
  73  5:42  Marine x3  
  74  5:43  Siege Tank  
  74  5:48  Orbital Command  
  74  5:49  Combat Shield  
  76  5:59  Barracks x2, Marine  
  83  6:15  Orbital Command  
  86  6:19  Medivac x2  
  86  6:21  Siege Tank  
  102  6:54  Barracks Reactor x2  
  102  6:55  Siege Tank  
  102  7:01  Medivac x2  
  108  7:07  Refinery  
  116  7:12  Armory  
  126  7:49  Siege Tank  
  140  8:00  Terran Infantry Weapons Level 2, Terran Infantry Armor Level 2  
  119  8:28  Siege Tank  
  119  8:32  Medivac x2  
  127  8:50  Command Center  
  129  9:02  Medivac x2  
  124  9:03  Siege Tank  
  133  9:19  Barracks x3  
  139  9:25  Liberator x2  
  141  9:41  Siege Tank  
Spawning Tool Build Advisor. Get it on Overwolf

Go to:

Details

  • Created by: Aggression
  • Published on: Apr 11, 2019
  • Modified on: Apr 11, 2019
  • Patch: 4.7.1
Show
View Real Time Build Order
Export as new Build Order

Comments (0)

There are no comments. Be the first!

Create an account to comment!